AoeStats
← Dodô Pressão

Arena

504635999Analyzed
2v2 RM · 28d ago on Sep 6, 2026· 53m 53s· 4 players
Game mode
Random Map
Map size
Medium (4 player)
Population
200
Speed
Normal
Resources
Standard
Victory
Conquest
Starting age
Dark Age
Ending age
Imperial Age
RankedLock teamsTeams togetherTeam positionsShared explorationLock speedFull tech treeHidden civsTurbo modeCheats
Victory
Defeat
🇨🇴 Persians · Colombia
553
+14
🇲🇽 Saracens · Mexico
453
+19
🇧🇷 Georgians · Brazil
538
-17
🇧🇷 Ethiopians · Brazil
490
-16
Eight
11:54 Feudal Age
13:14 Double-Bit Axe
16:02 Horse Collar
21:47 Castle Age
24:53 Bow Saw
25:05 Stone Mining
24:52 Crossbowman
25:49 Caravan
27:28 Gold Mining
27:56 Thumb Ring
29:21 Wheelbarrow
28:32 Town Watch
29:05 Squires
34:30 Forging
34:21 Scale Mail Armor
34:11 Fletching
34:22 Padded Archer Armor
38:26 Arson
44:12 Leather Archer Armor
44:46 Royal Heirs
46:00 Heavy Plow
46:33 Elite Skirmisher
47:12 Bodkin Arrow
47:34 Chain Mail Armor
48:34 Gold Shaft Mining
Dodô Pressão
13:26 Feudal Age
17:29 Castle Age
16:48 Double-Bit Axe
16:55 Gold Mining
16:48 Horse Collar
19:38 Bow Saw
23:17 Wheelbarrow
22:42 Stone Mining
26:02 Pikeman
Oblivion280195
7:56 Loom
11:18 Feudal Age
11:41 Double-Bit Axe
20:47 Castle Age
19:03 Horse Collar
19:42 Gold Mining
20:25 Bloodlines
20:35 Scale Barding Armor
20:47 Light Cavalry
23:11 Bow Saw
30:43 Kamandaran
30:11 Crossbowman
31:54 Husbandry
38:21 Imperial Age
37:00 Elite Skirmisher
39:07 Thumb Ring
39:49 Conscription
41:23 Two-Man Saw
41:16 Fletching
41:47 Chain Barding Armor
41:47 Capped Ram
47:47 Bodkin Arrow
47:53 Padded Archer Armor
50:59 Cavalier
52:18 Plate Barding Armor
51:55 Forging
52:20 Savar
53:20 Leather Archer Armor
petermurphymx
16:08 Feudal Age
18:03 Double-Bit Axe
18:02 Horse Collar
20:29 Gold Mining
27:05 Castle Age
26:51 Stone Mining
26:45 Man-at-Arms
27:39 Bloodlines
30:01 Bow Saw
29:54 Heavy Plow
30:45 Gold Shaft Mining
30:13 Squires
29:36 Crossbowman
30:18 Husbandry
33:01 Treadmill Crane
38:48 Imperial Age
36:20 Murder Holes
38:12 Wheelbarrow
38:27 Caravan
40:56 Forging
42:33 Iron Casting
42:31 Fletching
43:35 Conscription
44:14 Bodkin Arrow
45:08 Counterweights
45:39 Scale Barding Armor
47:15 Chemistry
49:49 Ballistics
50:43 Onager
52:05 Elite Mameluke
54:28 Bimaristan
Connection lost

Rejoining the realm…

Still unreachable

The connection could not be restored.

Session expired

The server has moved on; the page needs a fresh start.